 Dungeon Crawl Stone Soup version 0.23-a0-295-g2e428d4 (console) character file.

151 bli the Insei (level 5, -2/61 HPs)
             Began as a Draconian Transmuter on Oct 4, 2018.
             Slain by Blork the orc
             ... wielding a +1 battleaxe of chopping
              (3 damage)
             ... on level 4 of the Dungeon.
             The game lasted 00:08:20 (2391 turns).

bli the Insei (Draconian Transmuter)                Turns: 2391, Time: 00:08:21

Health: -2/61      AC: 22    Str: 12    XL:     5   Next: 11%
Magic:  7/8        EV:  2    Int: 14    God:
Gold:   148        SH:  0    Dex: 12    Spells: 7/8 levels left

rFire    . . .     SeeInvis .     - Unarmed
rCold    . . .     Gourm    .   (no shield)
rNeg     + + +     Faith    .   (armour unavailable)
rPois    +         Spirit   .   (helmet currently unavailable)
rElec    .         Reflect  .   (cloak currently unavailable)
rCorr    .         Harm     .   (gloves currently unavailable)
MR       .....     NoTele   +   (boots currently unavailable)
Stlth    +.........             (no amulet)
HPRegen  0.20/turn              (no ring)
MPRegen  0.11/turn              (no ring)

@: tree-form
A: unfitting armour, AC +5
a: no special abilities


You were on level 4 of the Dungeon.
You were not hungry.
You were a tree.
You visited 1 branch of the dungeon, and saw 4 of its levels.

You collected 148 gold pieces.

Inventory:

Hand Weapons
 k - a +0 hunting sling
Missiles
 a - 30 arrows
 e - 146 stones (quivered)
Armour
 g - a +0 pair of boots (melded)
 h - a +1 hat (melded)
Scrolls
 b - 2 scrolls of teleportation {unknown}
 d - a scroll of amnesia {unknown}
 f - 2 scrolls of remove curse {unknown}
 i - 4 scrolls of identify {unknown}
 l - 3 scrolls of random uselessness {unknown}
 m - a scroll of magic mapping {unknown}
 p - a scroll of enchant weapon {unknown}
 r - a scroll of enchant armour {unknown}
Potions
 j - 2 potions of heal wounds {unknown}
 n - a potion of degeneration {unknown}
 q - 2 potions of lignification
Comestibles
 c - 7 rations
 o - 5 chunks of flesh


   Skills:
 * Level 2.2 Fighting
 * Level 2.8 Dodging
 * Level 4.9 Unarmed Combat
 - Level 2.0 Spellcasting
 - Level 2.0 Transmutations


You had 7 spell levels left.
You knew the following spells:

 Your Spells              Type           Power        Failure   Level  Hunger
a - Beastly Appendage     Tmut           #.....       11%         1    ##.....

Your spell library contained the following spells:

 Spells                   Type           Power        Failure   Level  Hunger
 Sticks to Snakes         Tmut           #.......     16%         2    ###....
 Spider Form              Tmut/Pois      #.........   43%         3    ####...
 Ice Form                 Ice/Tmut       #.......     83%         4    #####..
 Blade Hands              Tmut           #.........   96%         5    ######.


Dungeon Overview and Level Annotations

Branches:
Dungeon (4/15)
 Temple: D:4-7

Altars:
Sif Muna
Trog

Annotations:
D:3 1 runed door, Dissent's ghost, amateur GnAM
D:4 Blork the orc


Innate Abilities, Weirdness & Mutations

((Your plain brown scales are hard. (AC +5)))
You cannot fit into any form of body armour.
((You are cold-blooded and may be slowed by cold attacks.))


Message History

Confirm with . or Enter, or press ? or * to list all spells.
You grow a pair of large bovine horns.
Blork the orc misses you.
You barely miss Blork the orc.
Blork the orc hits you with a battleaxe of chopping!
You closely miss Blork the orc. Blork the orc misses you.
The dart slug launches a dart at you. The slug dart hits you!
Blork the orc gestures at you while chanting.
The puff of frost hits you!
You hit Blork the orc. You headbutt Blork the orc.
Blork the orc is moderately wounded.
Blork the orc hits you with a battleaxe of chopping!
* * * LOW HITPOINT WARNING * * *
x2 It was a potion of lignification.
Your horns disappear.
You turn into a tree.
Your +1 hat melds into your body.
Your +0 pair of boots melds into your body.
Your roots penetrate the ground.
Blork the orc hits you with a battleaxe of chopping.
You die...

### ###.<#
.#...########...##
........##....###
.#..####..#.####
.....#....÷..# ####.
........####.# #....
#.####...###.##..#
#..#...##....##
...#.#.#.....<..#
....# ##..##..#....#
....#####♣...####..#
......w.o.#### ....
....##.### .###.. .
#..# # # .....
#######


You could see Blork the orc and a dart slug.

Vanquished Creatures
  An orc wizard (D:3)
  A worker ant (D:4)
  5 adders
  An ooze (D:3)
  A worm (D:3)
  6 leopard geckos
  4 orcs (D:3)
  2 giant cockroaches
  4 goblins
  2 hobgoblins
  4 kobolds
  A quokka (D:2)
  A ball python (D:2)
  5 frilled lizards
  A rat (D:3)
39 creatures vanquished.

Notes
Turn   | Place    | Note
-------+----------+-------------------------------------------
     0 | D:1      | bli the Draconian Transmuter began the quest for the Orb.
     0 | D:1      | Reached XP level 1. HP: 16/16 MP: 3/3
   789 | D:2      | Reached XP level 2. HP: 22/23 MP: 1/5
  1186 | D:2      | Found a deep blue altar of Sif Muna.
  1290 | D:2      | Reached XP level 3. HP: 29/29 MP: 4/6
  1310 | D:2      | Reached skill level 4 in Unarmed Combat
  1355 | D:2      | Found a faded altar of an unknown god.
  1415 | D:2      | Became a worshipper of Trog the Wrathful
  1415 | D:2      | Reached * piety under Trog
  1567 | D:3      | Was placed under penance by Trog
  1579 | D:3      | Fell from the grace of Trog
  1686 | D:3      | Reached XP level 4. HP: 15/36 MP: 5/7
  1975 | D:3      | Found a runed door.
  1975 | D:3      | Noticed Dissent's ghost (amateur GnAM)
  2314 | D:4      | Reached XP level 5. HP: 34/41 MP: 5/8
  2383 | D:4      | Noticed Blork the orc
  2390 | D:4      | HP: 1/41 [Blork the orc/battleaxe of chopping (2)]
  2391 | D:4      | Slain by Blork the orc

Vault maps used:
D:1:      eino_arrival_tree_alley
D:2:      led_sif_pool, chequers_ecumenical_altar_lobes
D:3:      first_ration, gammafunk_ghost_grave
D:4:      minmay_misc_feat_square, uniq_sigmund, uniq_ijyb, uniq_blork_the_orc

Skill      XL: |  1  2  3 |
---------------+----------+-----
Dodging        | 2 |  2.8
Unarmed Combat | 4 |  4.9
Fighting       | 2 |  2.2
Spellcasting   | |  2.0
Transmutations | |  2.0

Action                   |  1- 3 |  4- 6 || total
-------------------------+-------+-------++-------
Melee: Unarmed           |    81 |    55 ||   136
       Headbutt          |    11 |     3 ||    14
       Tailslap          |     8 |     4 ||    12
       Punch             |       |     1 ||     1
 Cast: Beastly Appendage |    12 |     7 ||    19
Invok: Renounce Religion |     1 |       ||     1
  Use: Potion            |       |     1 ||     1
 Stab: Sleeping          |     2 |       ||     2
  Eat: Chunk             |     3 |     2 ||     5
Armor: Skin              |    18 |    11 ||    29
Dodge: Dodged            |    43 |    33 ||    76

Table legend:
 A = Non-vault XP
 B = Vault XP
 C = Vault XP percentage of total XP
 D = Non-vault monster count
 E = Vault monster count
 F = Vault count percentage of total count
                 A         B        C        D         E       F
            +---------+---------+-------+---------+---------+-------
      Total |     217 |       0 |   0.0 |      39 |       0 |   0.0
            +---------+---------+-------+---------+---------+-------
        D:1 |       9 |       0 |   0.0 |       4 |       0 |   0.0
        D:2 |      61 |       0 |   0.0 |      14 |       0 |   0.0
        D:3 |      86 |       0 |   0.0 |      17 |       0 |   0.0
        D:4 |      61 |       0 |   0.0 |       4 |       0 |   0.0
            +---------+---------+-------+---------+---------+-------
